 Dungeon Crawl Stone Soup version 0.20.1-1-g8b1a95d (webtiles) character file.

102 Linguinho the Covered (level 4, -3/35 HPs)
             Began as a Demonspawn Fighter on Nov 12, 2017.
             Slain by Edmund
             ... wielding a +0 flail of protection
              (5 damage)
             ... on level 4 of the Dungeon.
             The game lasted 00:02:56 (1900 turns).

Linguinho the Covered (Demonspawn Fighter)          Turns: 1900, Time: 00:02:57

Health: -3/35      AC: 12    Str: 17    XL:     4   Next: 50%
Magic:  4/4        EV:  7    Int:  9    God:
Gold:   68         SH:  9    Dex: 13    Spells: 3/3 levels left

rFire    . . .     SeeInvis .   a - +0 war axe
rCold    . . .     Gourm    .   c - +0 shield
rNeg     . . .     Faith    .   b - +0 scale mail
rPois    .         Spirit   .   (no helmet)
rElec    .         Reflect  .   u - +0 cloak
rCorr    .         Harm     .   (no gloves)
MR       .....                  (no boots)
Stlth    ..........             (no amulet)
Regen    0.2/turn               (no ring)
MPRegen  0.1/turn               (no ring)

@: no status effects
A: iridescent scales 2, powered by death 1
a: no special abilities


You were on level 4 of the Dungeon.
You were hungry.

You visited 1 branch of the dungeon, and saw 4 of its levels.

You collected 68 gold pieces.

Inventory:

Hand Weapons
 a - a +0 war axe (weapon)
Armour
 b - a +0 scale mail (worn)
 c - a +0 shield (worn)
 u - a +0 cloak (worn)
 w - a +0 pair of gloves
Jewellery
 j - a +6 amulet of reflection {unknown}
Scrolls
 e - 5 scrolls of identify {unknown}
 k - a scroll of blinking {unknown}
 n - a scroll of fog {unknown}
 o - 2 scrolls of teleportation {unknown}
 p - 2 scrolls of enchant weapon {unknown}
 r - 3 scrolls of amnesia {unknown}
 s - a scroll of random uselessness {unknown}
 t - a scroll of recharging {unknown}
Potions
 d - a potion of might
 g - a potion of brilliance {unknown}
 h - a potion of cancellation {unknown}
 i - 3 potions of curing {unknown}
 m - a potion of haste {unknown}
 q - a potion of lignification {unknown}
 v - a potion of flight {unknown}
Comestibles
 f - 3 bread rations
 l - 3 meat rations
 x - 2 royal jellies


   Skills:
 + Level 3.2 Fighting
 + Level 3.1 Axes
 + Level 3.3 Armour
 + Level 0.6 Dodging
 + Level 3.1 Shields


You had 3 spell levels left.
You didn't know any spells.

Dungeon Overview and Level Annotations

Branches:
Dungeon (4/15)
 Temple: D:4-7

Altars:
Gozag
Qazlal
Sif Muna
Xom
Yredelemnul

Annotations:
D:4 Edmund


Innate Abilities, Weirdness & Mutations

You are mostly covered in iridescent scales. (AC +4)
You regenerate a little health from kills.


Message History

Edmund hits you with a flail of protection.
* * * LOW HITPOINT WARNING * * *
You hit Edmund.
Edmund is almost dead.
Edmund hits you with a flail of protection.
* * * LOW HITPOINT WARNING * * *
You completely miss Edmund.
Edmund is almost dead.
You block Edmund's attack.
Unknown command.
Your shield and scale mail prevent you from hitting Edmund.
Edmund is almost dead.
You block Edmund's attack.
Your shield and scale mail prevent you from hitting Edmund.
Edmund is almost dead.
Edmund hits you but does no damage.
You hit Edmund but do no damage.
Edmund is almost dead.
Edmund hits you with a flail of protection.
You die...

##### ######...##
.#.........#
...........#
#.......)..#
#..........#
#.....@....# ######
#......@...##.>....
#..................
#..................
#..........<.##...
##.........###
#........##
#..###.... ###
#..... #.###


You could see Edmund.

Vanquished Creatures
  Terence (D:2)
  2 adders (D:3)
  A worm (D:2)
  A dart slug (D:1)
  2 leopard geckos (D:3)
  An orc (D:3)
  5 bats
  3 giant cockroaches
  6 goblins
  7 hobgoblins
  14 kobolds
  3 ball pythons (D:1)
  8 rats
  A bush (D:3)
  2 plants (D:3)
57 creatures vanquished.

Notes
Turn   | Place    | Note
-------+----------+-------------------------------------------
     0 | D:1      | Linguinho the Demonspawn Fighter began the quest for the Orb.
     0 | D:1      | Reached XP level 1. HP: 18/18 MP: 1/1
   207 | D:1      | Gained mutation: You regenerate a little health from kills. [demonic ancestry]
   207 | D:1      | Reached XP level 2. HP: 18/24 MP: 2/2
   686 | D:2      | Found an opulent altar of Gozag.
   724 | D:2      | Gained mutation: You are partially covered in iridescent scales. (AC +2) [demonic ancestry]
   724 | D:2      | Reached XP level 3. HP: 29/29 MP: 3/3
   808 | D:2      | Noticed Terence
   817 | D:2      | Killed Terence
   827 | D:2      | Found a deep blue altar of Sif Muna.
   874 | D:2      | Found a basalt altar of Yredelemnul.
   947 | D:2      | Found a shimmering altar of Xom.
  1150 | D:3      | Gained mutation: You are mostly covered in iridescent scales. (AC +4) [demonic ancestry]
  1150 | D:3      | Reached XP level 4. HP: 35/35 MP: 4/4
  1397 | D:3      | Found a stormy altar of Qazlal.
  1863 | D:4      | Noticed Edmund
  1896 | D:4      | HP: 1/35 [Edmund/flail of protection (1)]
  1900 | D:4      | Slain by Edmund

Skill      XL: |  1  2  3  4 |
---------------+-------------+-----
Axes           | 2 3 |  3.1
Armour         | 3 |  3.3
Shields        | 3 |  3.1
Fighting       | |  3.2
Dodging        | |  0.6

Action                   |  1- 3 |  4- 6 || total
-------------------------+-------+-------++-------
Melee: War axe           |   108 |   123 ||   231
  Eat: Chunk             |       |     3 ||     3
Armor: Scale mail        |    55 |    40 ||    95
Dodge: Dodged            |    26 |    15 ||    41
Block: Shield            |    58 |    32 ||    90
